 Dungeon Crawl Stone Soup version 0.14-a0-2124-ga163777 (webtiles) character file.

143910 Kae the Bludgeoner (level 16, -4/149 HPs)
             Began as a Minotaur Berserker on Jan 27, 2014.
             Was the Champion of Trog.
             Killed from afar by a vapour (29 damage)
             ... with a bolt of lightning
             ... on Level 1 of the Abyss.
             The game lasted 01:24:08 (34122 turns).

Kae the Bludgeoner (Minotaur Berserker)            Turns: 34122, Time: 01:24:08

HP  -4/149       AC 22     Str 25      XL: 16   Next: 78%
MP   0/24        EV  6     Int  7      God: Trog [******]
Gold 2496        SH 20     Dex 11      Spells:  0 memorised, 15 levels left

rFire  . . .     SeeInvis .     x - +1,+7 demon whip (elec)
rCold  . . .     Clarity  .     w - +3 orc plate armour
rNeg   + . .     Conserve .     a - +2 shield {reflect}
rPois  .         rCorr    .     (helmet restricted)
rElec  .         rRot     .     y - -1 cloak
SustAb . .       Spirit   +     C - +0 pair of gloves
rMut   .         Warding  .     (no boots)
Saprov . . .     Stasis   .     e - amulet of guardian spirit
MR     ++...                    U - +7,+3 ring of slaying
                                p - cursed ring of positive energy

@: regenerating, exhausted, mildly poisoned, slowed, very slow, very resistant
to hostile enchantments, extremely unstealthy
A: retaliatory headbutt, claws 1, horns 2, spit poison 1
a: Spit Poison, Burn Spellbooks, Berserk, Trog's Hand, Brothers in Arms,
Renounce Religion


You were on level 1 of the Abyss.
You worshipped Trog.
Trog was exalted by your worship.
You were very hungry.

You visited 4 branches of the dungeon, and saw 31 of its levels.
You visited the Abyss 2 times.
You also visited: Volcano.

You collected 3021 gold pieces.
You spent 525 gold pieces at shops.

Inventory:

Hand weapons
 x - a +1,+7 demon whip of electrocution (weapon)
 z - a +1,+4 great mace of electrocution
 F - a +1,+5 great mace of protection
Missiles
 g - 40 tomahawks (quivered)
 H - 5 poisoned tomahawks
Armour
 a - a +2 shield of reflection (worn)
 w - a +3 orcish plate armour (worn)
 y - a -1 cloak (worn)
 C - a +0 pair of gloves (worn)
Magical devices
 b - a wand of digging (13)
 v - a wand of disintegration (14)
 E - a wand of enslavement (14) {unknown}
 Z - a wand of fireball (7)
Comestibles
 c - 15 bread rations
 f - 4 meat rations
 j - 15 strawberries
Scrolls
 d - 3 scrolls of fear
 o - 6 scrolls of teleportation
 t - 8 scrolls of remove curse
 G - 3 scrolls of fog
 I - a scroll of vulnerability
 K - 5 scrolls of identify
 O - a scroll of blinking
 Q - a scroll of recharging
Jewellery
 e - an amulet of guardian spirit (around neck)
 i - an uncursed amulet of rage
 k - an uncursed amulet of rage
 p - a cursed ring of positive energy (left hand)
 q - an uncursed ring of protection from cold
 r - an uncursed amulet of warding
 s - an uncursed amulet of resist corrosion
 A - an uncursed ring of protection from fire
 M - a +2 ring of strength
 P - an uncursed amulet of conservation
 U - a +7,+3 ring of slaying (right hand)
Potions
 h - 15 potions of curing
 l - 3 potions of speed
 m - a potion of flight
 n - 2 potions of heal wounds
 u - a potion of cure mutation
 B - a potion of resistance
 J - a potion of agility
 L - a potion of might
 N - a potion of brilliance
 S - 4 potions of restore abilities
 V - a potion of lignification


   Skills:
 + Level 15.5 Fighting
 + Level 19.8 Maces & Flails
 + Level 15.3 Armour
 + Level 14.1 Dodging
 * Level 2.0 Shields
 + Level 9.2 Evocations


You had 15 spell levels left.
You didn't know any spells.

Dungeon Overview and Level Annotations

Branches:
Dungeon (16/16)            Temple (0/1) D:4             Orc (4/4) D:12
    Elf (0/3) Orc:4          Lair (8/8) D:9          Shoals (3/5) Lair:4
  Snake (0/5) Lair:6        Slime (0/6) Lair:8       Vaults (0/5) D:14
 Depths (0/6) D:16

Altars:
Vehumet
Zin
Beogh

Shops:
D:5 (   D:7 [[=/   D:10 !   D:12 (!   Orc:4 /[([   Shoals:1 *

Annotations:
Shoals:3 exclusion: Roxanne, Louise, Roxanne


Innate Abilities, Weirdness & Mutations

You reflexively headbutt those who attack you in melee.
You have a pair of horns on your head.
You have sharp fingernails.
You can spit poison.


Message History

* * * LOW HITPOINT WARNING * * *
You feel sick.
Things that are here:
a whip; a cloak Eat a chunk of purple draconian flesh? (ye/n/q/i?) This raw flesh tastes terrible.
You are feeling very hungry.
You continue eating.
Unknown command.
Eat which item? (? for menu, Esc to quit)
Okay, then.
Use which ability? (? or * to list)
Your skin crawls.
You feel resistant to hostile enchantments.
You feel slightly more hungry.
Unknown command.
The bolt of lightning hits you!
* * * LOW HITPOINT WARNING * * *
The bolt of lightning hits you!
You die...

.≈≈ ..... ##
......
#.###.......
##.........
#.....#..
##...#.#
##.#)#.#
##....@## .#
#.......# # #
#...........
##
##.........#
#.
#.......#[.{
#.......#..{.
##...........
#......##...
##. .... #


There were no monsters in sight!

Vanquished Creatures
  2 krakens
  Rupert (Lair:8)
  Donald (Shoals:2)
  An orc warlord (Orc:4)
  A draconian scorcher (Abyss:1)
  Maud (Lair:3)
  A fire giant (D:16)
  Snorg (Lair:3)
  A fire dragon (D:14)
  4 vault guards (D:14)
  Harold (Lair:3)
  Josephine (Shoals:1)
  A ravenous feature mimic (D:16)
  6 hydras
  2 thrashing horrors (Abyss:1)
  An orc high priest (Orc:4)
  7 centaur warriors
  2 unseen horrors
  5 sea snakes
  3 giant amoebae
  A necromancer (Lair:7)
  5 hill giants
  A harpy (shapeshifter) (D:16)
  A wolf spider (D:16)
  4 griffons
  2 statues (Volcano)
  An orc knight (Orc:3)
  3 cyclopes
  An oklob plant (Orc:1)
  A draconian (shapeshifter) (D:16)
  4 orc sorcerers
  2 octopodes
  6 black mambas
  2 orange demons
  2 feature mimics
  2 spriggan druids (Lair:8)
  11 spiny frogs
  A demonic crawler (Abyss:1)
  11 komodo dragons
  A fire drake (shapeshifter) (D:16)
  2 fire drakes
  6 mermaids
  Grinder (D:3)
  12 trolls
  14 spriggans (Lair:8)
  5 giant fireflies (Lair:8)
  2 jumping spiders (Lair:8)
  Sonja (Orc:4)
  A polar bear (Lair:5)
  A siren skeleton (Shoals:1)
  2 boulder beetles
  A raven (shapeshifter) (D:14)
  2 two-headed ogres
  2 brown oozes (Lair:8)
  2 griffon zombies
  8 blink frogs
  7 snapping turtles
  4 wyverns
  17 slime creatures
  9 sharks
  A griffon skeleton (D:14)
  3 basilisks
  A tarantella (Lair:8)
  28 ugly things
  2 wraiths
  An elephant slug (Lair:4)
  3 fire bats (Volcano)
  6 water elementals
  A golden eye (shapeshifter) (D:13)
  4 grizzly bears (Lair:8)
  A hill giant zombie (D:12)
  7 vampire mosquitoes
  47 yaks
  A trapdoor spider (shapeshifter) (D:14)
  8 hippogriffs
  Eustachio (D:9)
  2 redbacks (Lair:8)
  4 hungry ghosts
  A ynoxinul (Abyss:1)
  17 merfolk
  46 wolves
  9 manticores
  3 mottled dragons
  4 swamp worms (Lair:5)
  4 sky beasts
  2 soldier ants
  6 porcupines
  24 orc warriors
  An ice beast (D:5)
  9 giant goldfish
  5 necrophages
  2 yellow wasps
  The ghost of Kae the Cudgeler, an average MiBe of Trog (D:3)
  4 black bears
  15 crocodiles
  4 phantoms
  A merfolk skeleton (Shoals:1)
  Duvessa (D:7)
  19 centaurs
  10 ogres
  2 wargs
  4 big kobolds
  13 water moccasins
  2 brain worms
  5 giant slugs
  Blork the orc (D:7)
  23 giant frogs
  A wyvern zombie (D:7)
  3 agate snails
  A komodo dragon skeleton (D:10)
  A manticore zombie (D:8)
  A mermaid skeleton (Shoals:1)
  A cyclops zombie (D:10)
  An eye of draining (D:13)
  A troll zombie (D:12)
  2 hippogriff zombies (Shoals:1)
  5 jellyfish
  22 killer bees
  9 lava fish (Volcano)
  Dowan (D:7)
  6 goliath beetles
  4 lava snakes (Volcano)
  11 electric eels
  10 crimson imps
  9 starcursed masses (Abyss:1)
  8 hounds
  A gnoll shaman (D:5)
  35 orc priests
  10 big fish
  26 orc wizards
  Crazy Yiuf (D:3)
  7 jellies
  2 quasits
  7 iguanas
  3 scorpions
  18 worker ants
  A grizzly bear simulacrum (Lair:7)
  20 sheep
  A killer bee zombie (D:13)
  2 mottled dragon zombies
  Jessica (D:3)
  5 ogre zombies
  A mummy (D:9)
  24 adders
  23 green rats
  6 gnolls (D:5)
  3 hound simulacra (Lair:7)
  15 worms
  4 giant mites
  An ufetubus (Abyss:1)
  A giant eyeball (D:4)
  11 orc zombies
  7 giant geckos
  3 oozes
  138 orcs
  4 sheep simulacra (Lair:7)
  21 bats
  A bat skeleton (D:8)
  3 giant cockroaches
  14 hobgoblins
  55 jackals
  29 kobolds
  8 quokkas
  6 ball pythons
  8 giant newts
  A giant spore (D:12)
  29 goblins
  2 goblin skeletons (D:12)
  A goblin zombie (D:12)
  2 hobgoblin skeletons (D:12)
  2 hobgoblin zombies (D:12)
  5 orc skeletons
  29 rats
  3 rat simulacra (Lair:7)
  2 ballistomycetes (D:12)
  4 plants (Lair:8)
  4 tentacles
  2 tentacle segments (Shoals:1)
1272 creatures vanquished.

Vanquished Creatures (others)
  A sky beast (D:12)
  A crocodile (Lair:8)
  An orc zombie (Orc:4)
  An orc (Orc:4)
  8 fungi
  7 plants
  10 tentacles
  128 tentacle segments
157 creatures vanquished.

Grand Total: 1429 creatures vanquished

Notes
Turn   | Place    | Note
--------------------------------------------------------------
     0 | D:1      | Kae, the Minotaur Berserker, began the quest for the Orb.
     0 | D:1      | Reached XP level 1. HP: 19/19 MP: 1/1
    63 | D:1      | Reached skill level 4 in Maces & Flails
    63 | D:1      | Reached XP level 2. HP: 26/26 MP: 1/1
   222 | D:1      | Reached skill level 5 in Maces & Flails
   267 | D:1      | Reached XP level 3. HP: 11/31 MP: 2/2
   391 | D:1      | Acquired Trog's second power
   779 | D:2      | Reached XP level 4. HP: 10/39 MP: 2/2
   837 | D:2      | Reached skill level 6 in Maces & Flails
  1364 | D:3      | Noticed Kae's ghost (average MiBe)
  1366 | D:3      | Noticed Jessica
  1370 | D:3      | Killed Kae's ghost
  1370 | D:3      | Reached skill level 7 in Maces & Flails
  1370 | D:3      | Reached XP level 5. HP: 40/45 MP: 2/2
  1371 | D:3      | Killed Jessica
  1535 | D:3      | Found a radiant altar of Vehumet.
  1586 | D:3      | Reached skill level 8 in Maces & Flails
  1640 | D:3      | Acquired Trog's third power
  1665 | D:3      | Noticed Grinder
  1671 | D:3      | Killed Grinder
  1671 | D:3      | Reached skill level 9 in Maces & Flails
  1671 | D:3      | Reached XP level 6. HP: 49/51 MP: 3/3
  2098 | D:3      | Noticed Crazy Yiuf
  2104 | D:3      | Killed Crazy Yiuf
  2228 | D:4      | Reached XP level 7. HP: 57/57 MP: 3/3
  2429 | D:4      | Reached skill level 10 in Maces & Flails
  2794 | D:4      | Found a staircase to the Ecumenical Temple.
  2829 | D:4      | Paralysed by a giant eyeball for 2 turns
  2935 | D:5      | Entered Level 5 of the Dungeon
  2941 | D:5      | Reached skill level 11 in Maces & Flails
  3083 | D:5      | Reached XP level 8. HP: 64/64 MP: 2/3
  3168 | D:5      | Reached skill level 12 in Maces & Flails
  3203 | D:5      | Found Niowiq's Antique Weapon Emporium.
  3955 | D:7      | Found Houwon's Antique Armour Boutique.
  3970 | D:7      | Reached skill level 13 in Maces & Flails
  4011 | D:7      | Gained mutation: You can spit poison. [potion of beneficial mutation]
  4263 | D:7      | Found Skanod's Magical Wand Emporium.
  4273 | D:7      | Reached XP level 9. HP: 62/70 MP: 4/4
  4378 | D:7      | Noticed Duvessa
  4386 | D:7      | Noticed Dowan
  4388 | D:7      | Killed Duvessa
  4392 | D:7      | Reached skill level 14 in Maces & Flails
  4396 | D:7      | Killed Dowan
  4590 | D:7      | Noticed Blork the orc
  4603 | D:7      | Killed Blork the orc
  4862 | D:7      | Received a gift from Trog
  5103 | D:7      | Found Kochuirch's Jewellery Boutique.
  5113 | D:7      | Found Vappeop's Antique Armour Boutique.
  5631 | D:8      | Reached skill level 5 in Fighting
  6239 | D:9      | Reached skill level 15 in Maces & Flails
  6292 | D:9      | Noticed Eustachio
  6310 | D:9      | Reached skill level 5 in Armour
  6310 | D:9      | Reached XP level 10. HP: 60/83 MP: 2/4
  6312 | D:9      | Killed Eustachio
  6780 | D:9      | Reached skill level 5 in Dodging
  6900 | D:9      | Found a staircase to the Lair.
  7210 | Lair:1   | Entered Level 1 of the Lair of Beasts
  7994 | Lair:1   | Received a gift from Trog
  8966 | Lair:2   | Reached XP level 11. HP: 72/94 MP: 4/4
  9607 | Lair:2   | Reached skill level 16 in Maces & Flails
 10256 | Lair:3   | Received a gift from Trog
 10372 | Lair:3   | Noticed Maud
 10375 | Lair:3   | Noticed Harold
 10391 | Lair:3   | Killed Maud
 10400 | Lair:3   | Killed Harold
 10553 | Lair:3   | Noticed Snorg
 10565 | Lair:3   | Killed Snorg
 10760 | Lair:3   | Found a dark tunnel.
 10762 | Lair:3   | Identified a scroll of acquirement
 10836 | Volcano  | Entered a volcano
 11185 | Volcano  | Found a bloodstained altar of Trog.
 11194 | Volcano  | Reached XP level 12. HP: 61/106 MP: 5/5
 11233 | Volcano  | Got a dazzling fire dragon armour
 11287 | Lair:3   | Identified the +1 fire dragon armour of Elyvilon's Outrage {rF++ rC- Str-4 Dex+4} (You found it in a volcano)
 11400 | Lair:3   | Found a radiant altar of Vehumet.
 11597 | Lair:4   | Reached skill level 10 in Fighting
 11606 | Lair:4   | Noticed a four-headed hydra
 11619 | Lair:4   | Killed a four-headed hydra
 11896 | Lair:4   | Reached skill level 10 in Armour
 11993 | Lair:4   | Received a gift from Trog
 12270 | Lair:4   | Reached skill level 17 in Maces & Flails
 12606 | Lair:4   | Found a staircase to the Shoals.
 13186 | Lair:5   | Reached skill level 10 in Dodging
 13230 | Lair:5   | Noticed a seven-headed hydra
 13237 | Lair:5   | Killed a seven-headed hydra
 13339 | Lair:5   | Noticed a six-headed hydra
 13359 | Lair:5   | Killed a six-headed hydra
 14322 | Lair:5   | Received a gift from Trog
 14334 | Lair:5   | Reached XP level 13. HP: 67/116 MP: 3/5
 14726 | Lair:6   | Found a staircase to the Snake Pit.
 15453 | Lair:6   | Found a glowing silver altar of Zin.
 15949 | Lair:7   | Reached XP level 14. HP: 124/127 MP: 4/12
 16208 | Lair:7   | Reached skill level 18 in Maces & Flails
 16427 | Lair:7   | Received a gift from Trog
 17088 | Lair:8   | Entered Level 8 of the Lair of Beasts
 17281 | Lair:8   | Cast into the Abyss (a distortion unwield)
 17390 | Abyss:1  | Found a corrupted altar of Lugonu.
 17432 | Lair:8   | Escaped the Abyss
 17499 | Lair:8   | Found a staircase to the Slime Pits.
 17517 | Lair:8   | Noticed Rupert
 17532 | Lair:8   | Killed Rupert
 17919 | Lair:8   | Received a gift from Trog
 17941 | Lair:8   | Reached skill level 5 in Evocations
 18911 | Lair:8   | Received a gift from Trog
 19484 | D:10     | Entered Level 10 of the Dungeon
 19558 | D:10     | Reached XP level 15. HP: 136/136 MP: 19/19
 19822 | D:10     | Found Haxe's Distillery.
 20156 | D:11     | Received a gift from Trog
 21347 | D:12     | Found Yfos' Distillery.
 21351 | D:12     | Bought a potion of beneficial mutation for 525 gold pieces
 21467 | D:12     | Found a staircase to the Orcish Mines.
 21586 | D:12     | Found Stextom's Antique Weapon Emporium.
 21799 | D:12     | Received a gift from Trog
 22270 | Orc:1    | Entered Level 1 of the Orcish Mines
 22947 | Orc:1    | Paralysed by an orc sorcerer for 3 turns
 22954 | Orc:1    | Received a gift from Trog
 23938 | Orc:4    | Entered Level 4 of the Orcish Mines
 23956 | Orc:4    | Received a gift from Trog
 24062 | Orc:4    | Found a staircase to the Elven Halls.
 24213 | Orc:4    | Found a roughly hewn altar of Beogh.
 24261 | Orc:4    | Noticed Sonja
 24266 | Orc:4    | Killed Sonja
 24316 | Orc:4    | Found a roughly hewn altar of Beogh.
 24368 | Orc:4    | Found a roughly hewn altar of Beogh.
 24393 | Orc:4    | Found Threudde's Armour Emporium.
 24436 | Orc:4    | Received a gift from Trog
 24459 | Orc:4    | Found a roughly hewn altar of Beogh.
 24689 | Orc:4    | Found a roughly hewn altar of Beogh.
 24694 | Orc:4    | Found Eschotih's Magical Wand Boutique.
 24945 | Orc:4    | Received a gift from Trog
 25076 | Orc:4    | Found Wuesaf's Antique Armour Boutique.
 25076 | Orc:4    | Found a roughly hewn altar of Beogh.
 25078 | Orc:4    | Found Poegoum's Antique Weapon Shop.
 25896 | D:13     | Reached skill level 19 in Maces & Flails
 26245 | D:14     | Received a gift from Trog
 26338 | D:14     | Found a portal to a secret trove of treasure.
 26378 | D:14     | the portal to a secret trove of treasure was a mimic.
 26659 | D:14     | Found a gate to the Vaults.
 27783 | D:15     | Entered Level 15 of the Dungeon
 27810 | D:15     | Reached XP level 16. HP: 147/147 MP: 23/23
 28012 | D:15     | Received a gift from Trog
 29249 | D:16     | Entered Level 16 of the Dungeon
 29769 | D:16     | Found a staircase to the Depths.
 29933 | D:16     | Reached skill level 15 in Fighting
 30656 | D:16     | Gained mutation: You have sharp fingernails. [potion of beneficial mutation]
 31156 | Shoals:1 | Entered Level 1 of the Shoals
 31202 | Shoals:1 | Found Kiuhed's General Store.
 31227 | Shoals:1 | Reached skill level 15 in Armour
 31387 | Shoals:1 | Noticed Josephine
 31397 | Shoals:1 | Killed Josephine
 31429 | Shoals:1 | Received a gift from Trog
 32704 | Shoals:1 | HP: 7/149 [tentacle[attached to a kraken] (3)]
 32705 | Shoals:1 | HP: 1/149 [tentacle[attached to a kraken] (6)]
 33170 | Shoals:2 | Noticed Donald
 33180 | Shoals:2 | Killed Donald
 33466 | Shoals:2 | Reached skill level 1 in Shields
 33990 | Shoals:3 | Noticed Roxanne
 33998 | Shoals:3 | Noticed Louise
 34013 | Shoals:3 | Cast into the Abyss (Louise)
 34083 | Abyss:1  | Paralysed by accursed screaming for 2 turns
 34122 | Abyss:1  | Killed from afar by a vapour

Action                   |  1- 3 |  4- 6 |  7- 9 | 10-12 | 13-15 | 16-18 || total
-------------------------+-------+-------+-------+-------+-------+-------++-------
Melee: Mace              |    88 |    73 |       |       |       |       ||   161
       Hammer            |       |     5 |   470 |   224 |       |       ||   699
       Great mace        |       |       |       |   732 |  1477 |   431 ||  2640
       Unarmed           |       |       |       |       |    44 |       ||    44
       Demon whip        |       |       |       |       |       |    94 ||    94
Throw: Tomahawk          |       |       |     1 |       |       |     1 ||     2
Invok: Berserk           |       |     2 |     4 |     4 |     3 |     2 ||    15
       Trog's Hand       |       |       |     3 |     4 |     7 |     5 ||    19
       Burn Spellbooks   |       |       |     1 |     2 |       |       ||     3
 Abil: Spit Poison       |       |       |     2 |       |     1 |       ||     3
Evoke: Wand              |       |       |     1 |     6 |     4 |       ||    11
  Use: Potion            |       |     6 |     2 |     5 |     5 |     5 ||    23
       Scroll            |       |       |    19 |     6 |    13 |    11 ||    49
